 Dungeon Crawl Stone Soup version 0.31-a0-986-g5e6e4ef867 (webtiles) character file.

Game seed: 16580298273299171562

44 FIREandBLOOD the Poker (level 3, -4/22 HPs)
             Began as a Tengu Gladiator on Nov 4, 2023.
             Splashed by a jelly's acid (5 damage)
             ... on level 1 of the Dungeon.
             The game lasted 00:05:26 (994 turns).

FIREandBLOOD the Poker (Tengu Gladiator)             Turns: 994, Time: 00:05:26

Health: -4/22      AC: -1    Str: 14    XL:     3   Next: 62%
Magic:  4/4        EV: 28    Int: 10    God:
Gold:   35         SH:  0    Dex: 15    Spells: 2/2 levels left

rFire   . . .        a - +0 trident
rCold   . . .        (no shield)
rNeg    + . .        b - +0 leather armour
rPois   .            c - +0 hat
rElec   .            (no cloak)
rCorr   .            (no gloves)
SInv    .            (boots unavailable)
Will    .....        (no amulet)
Stlth   +            g - ring of positive energy
HPRegen 0.23/turn    (no ring)
MPRegen 0.09/turn

%: acrobat
@: corroded, acrobatic
A: beak, talons 3, acrobatic
a: no special abilities


You were on level 1 of the Dungeon.
You visited 1 branch of the dungeon, and saw 1 of its levels.

You collected 35 gold pieces.

Inventory:

Hand Weapons
 a - a +0 trident (weapon)
Missiles
 d - 3 throwing nets (quivered)
 e - a javelin
Armour
 b - a +0 leather armour (worn)
 c - a +0 hat (worn)
Jewellery
 g - a ring of positive energy (left hand)
Scrolls
 f - 2 scrolls of amnesia {unknown}
 h - a scroll of teleportation {unknown}
 i - a scroll of blinking {unknown}
Potions
 j - a potion of brilliance {unknown}


   Skills:
 + Level 2.5 Fighting
 * Level 4.2 Polearms
 - Level 2.0 Throwing
 + Level 3.7 Dodging


You had 2 spell levels left.
You didn't know any spells.
Your spell library was empty.

Dungeon Overview and Level Annotations

Branches:
Dungeon (1/15)

Altars:


Innate Abilities, Weirdness & Mutations

You have a beak for a mouth.
You have claws for feet.
You can magically evade attacks while moving or waiting.


Message History

You hit the rat.
You kill the rat!
You puncture the rat!
You kill the rat!
You hit the endoplasm. You claw the endoplasm. You peck the endoplasm.
You kill the endoplasm!
You start waiting.
A jackal is nearby!
The jackal barks!
You barely miss the jackal. You peck the jackal, but do no damage.
The jackal bites you.
You barely miss the jackal. You claw the jackal, but do no damage.
The jackal stops to sniff the ground.
The jackal misses you. The jackal bites you.
You hit the jackal. Your kick misses the jackal.
The jackal is severely wounded.
The jackal barely misses you.
You hit the jackal.
You kill the jackal!
You puncture the jelly! The acid corrodes you!
Your hands burn!
You claw the jelly, but do no damage. You peck the jelly, but do no damage.
The jelly is heavily wounded.
The jelly misses you.
You hit the jelly.
Your hands burn!
The jelly is heavily wounded.
The jelly hits you.
You are splashed with acid!
* * * LOW HITPOINT WARNING * * *
The jelly attacks as it pursues you! The jelly closely misses you.
The jelly attacks as it pursues you! The jelly completely misses you.
The jelly jiggles.
The jelly attacks as it pursues you! The jelly completely misses you.
The jelly jiggles.
The jelly attacks as it pursues you! The jelly closely misses you.
The jelly attacks as it pursues you! The jelly completely misses you.
You are no longer corroded.
The jelly attacks as it pursues you! The jelly hits you. The acid corrodes you!
You are splashed with acid!
* * * LOW HITPOINT WARNING * * *
You hit the jelly.
Your hands burn!
You die...

#.#.#### #.# #.# .###.>.#
#.#############.#
..#..#.###.##............#
.....#.##...#.############
..............#
.....#.#....######
.................#
.###############J# ####
.#.....w.......#@# #...
.#rrhJ.........#.# #.##
.#hJBJ.hJ......#.# #.#
†#######r#######.# #.#
.#....h........#.# #.#
.†⌠....###....⌠+.# #.#
.#......<......#.# #.#
.#..⌠...>...⌠..#.#############.##
.###+#######+###.............[..#


You could see a jelly.

Vanquished Creatures
  2 dart slugs (D:1)
  3 bats (D:1)
  4 endoplasms (D:1)
  5 hobgoblins (D:1)
  3 jackals (D:1)
  4 quokkas (D:1)
  A ball python (D:1)
  A frilled lizard (D:1)
  4 goblins (D:1)
  2 kobolds (D:1)
  8 rats (D:1)
37 creatures vanquished.

Notes
Turn   | Place    | Note
-------+----------+-------------------------------------------
     0 | D:1      | FIREandBLOOD the Tengu Gladiator began the quest for the
                  | Orb.
     0 | D:1      | Reached XP level 1. HP: 12/12 MP: 2/2
     0 | D:1      | Noticed a jelly
     1 | D:1      | Found a runed translucent door.
   124 | D:1      | Reached XP level 2. HP: 14/17 MP: 3/3
   341 | D:1      | Reached XP level 3. HP: 18/22 MP: 4/4
   362 | D:1      | Reached skill level 4 in Polearms
   992 | D:1      | HP: 1/22 [acid (7)]
   994 | D:1      | Splashed by a jelly's acid

Illustrated notes

Levels and vault maps discovered:
D:1:      dpeg_arrival_caged_fury, layout_loops_ring, dk_noncrumbling_4,
          minmay_crystal_room, nrook_mini_vaults

Skill      XL: |  1  2  3 |
---------------+----------+-----
Polearms       | 4 |  4.2
Fighting       | |  2.5
Throwing       | |  2.0
Dodging        | |  3.7

Action                     || total
---------------------------++-------
  Melee: Trident           ||    87
         Kick              ||    12
         Peck              ||     8
   Stab: Sleeping          ||     5
 Armour: Leather armour    ||    22
  Dodge: Dodged            ||    32

Table legend: (Time is in decaauts)
 A = Elapsed time spent in this place.
 B = Non-inter-level travel time spent in this place.
 C = Inter-level travel time spent in this place.
 D = Time resting spent in this place.
 E = Time spent auto-exploring this place.
 F = Levels seen in this place.
 G = Mean time per level.
                   A        B        C        D        E       F      G
               +--------+--------+--------+--------+--------+-----+--------+
         Total |   1002 |   1002 |      0 |    192 |    405 |   1 | 1002.0 |
       Dungeon |   1002 |   1002 |      0 |    192 |    405 |   1 | 1002.0 |
               +--------+--------+--------+--------+--------+-----+--------+

Top non-repeatable levels by time:
     D:1: 1002 daAuts
